AoeStats
← ponzi

MegaRandom

505458146Analyzed
1v1 RM · 21d ago on Sep 9, 2026· 25m 10s· 2 players
Game mode
Random Map
Map size
Tiny (2 player)
Population
200
Speed
Normal
Resources
Standard
Victory
Conquest
Starting age
Dark Age
Ending age
Imperial Age
RankedLock teamsTeams togetherTeam positionsShared explorationLock speedFull tech treeHidden civsTurbo modeCheats
Victory
Defeat
🇹🇼 Franks · Taiwan
977
+14
🇫🇮 Japanese · Finland
932
-14
davidlien0714
7:35 Loom
9:55 Feudal Age
10:25 Double-Bit Axe
18:27 Castle Age
19:28 Forging
20:26 Scale Barding Armor
ponzi
0:26 Loom
8:16 Loom
11:27 Feudal Age
11:52 Double-Bit Axe
11:48 Horse Collar
19:22 Castle Age
17:29 Scale Mail Armor
17:55 Stone Mining
17:56 Gold Mining
20:13 Bow Saw
20:38 Heavy Plow
Connection lost

Rejoining the realm…

Still unreachable

The connection could not be restored.

Session expired

The server has moved on; the page needs a fresh start.